 Dungeon Crawl Stone Soup version 0.18.1-50-g88ac8fd (webtiles) character file.

3166 Galewin the Severer (level 9, -4/71 HPs)
             Began as a Minotaur Berserker on Sept 20, 2016.
             Was a High Priest of Trog.
             Slain by a hill giant
             ... wielding a +0 giant spiked club
              (25 damage)
             ... on level 9 of the Dungeon.
             The game lasted 00:14:33 (5899 turns).

Galewin the Severer (Minotaur Berserker)            Turns: 5899, Time: 00:14:33

Health: -4/71      AC: 11    Str: 30    XL:     9   Next: 63%
Magic:  8/8        EV:  8    Int:  4    God:    Trog [*****.]
Gold:   520        SH:  0    Dex:  9    Spells: 0 memorised, 8 levels left

rFire  . . .     SeeInvis .     C - +1 war axe (elec)
rCold  . . .     Gourm    .     o - +0 plate armour
rNeg   . . .     Faith    .     (no shield)
rPois  .         Spirit   .     (helmet restricted)
rElec  .         Dismiss  .     (no cloak)
rCorr  .         Reflect  .     (no gloves)
SustAt +         Harm     .     (no boots)
MR     .....                    (no amulet)
Stlth  ..........               H - ring of sustain attributes
                                p - +4 ring of strength

@: not resistant to hostile enchantments, extremely unstealthy
A: retaliatory headbutt, horns 2
a: Berserk, Trog's Hand, Brothers in Arms, Burn Spellbooks, Renounce Religion


You were on level 9 of the Dungeon.
You worshipped Trog.
Trog was extremely pleased with you.
You were not hungry.

You visited 1 branch of the dungeon, and saw 9 of its levels.

You collected 520 gold pieces.

Inventory:

Hand Weapons
 C - a +1 war axe of electrocution (weapon)
Armour
 o - a +0 plate armour (worn)
Jewellery
 p - a +4 ring of strength (left hand)
 H - a ring of sustain attributes (right hand)
Wands
 z - a wand of paralysis (16/24)
 I - a wand of confusion (30/48)
Scrolls
 b - 3 scrolls of magic mapping
 f - 5 scrolls of identify
 j - 3 scrolls of enchant weapon {unknown}
 k - 3 scrolls of noise {unknown}
 r - 2 scrolls of blinking {unknown}
 s - 5 scrolls of remove curse {unknown}
 u - 2 scrolls of amnesia {unknown}
 y - a scroll of random uselessness {unknown}
 A - a scroll of recharging {unknown}
 E - a scroll of fog {unknown}
 G - a scroll of acquirement {unknown}
Potions
 d - a potion of degeneration {unknown}
 g - 2 potions of brilliance
 h - 6 potions of curing
 i - 2 potions of resistance
 l - a potion of magic {unknown}
 n - a potion of cancellation {unknown}
 q - a potion of might {unknown}
 t - 2 potions of berserk rage {unknown}
 v - a potion of lignification {unknown}
 x - a potion of beneficial mutation {unknown}
 F - a potion of heal wounds {unknown}
Comestibles
 a - 4 slices of pizza
 c - 7 bread rations
 m - 3 meat rations
 w - 2 chunks of flesh
 D - a beef jerky


   Skills:
 - Level 3.7 Fighting
 * Level 15.1 Axes
 + Level 3.5 Armour
 + Level 3.3 Dodging


You had 8 spell levels left.
You didn't know any spells.

Dungeon Overview and Level Annotations

Branches:
Dungeon (9/15)             Temple (0/1) D:7            Lair (0/8) D:8
    Orc: D:9-12

Altars:
Fedhas
Gozag
Pakellas
Qazlal
Ru
Sif Muna
Yredelemnul
The Shining One


Innate Abilities, Weirdness & Mutations

You reflexively headbutt those who attack you in melee.
You have a pair of horns on your head.


Message History

You hit the hill giant.
There is a sudden explosion of sparks!
The hill giant is moderately wounded.
You hit the hill giant. You headbutt the hill giant.
The hill giant is heavily wounded.
The hill giant hits you with a giant spiked club!!
Your plate armour prevents you from hitting the hill giant.
You headbutt the hill giant!
The hill giant is severely wounded.
Your plate armour prevents you from hitting the hill giant.
The hill giant is severely wounded.
The hill giant hits you with a giant spiked club!!
* * * LOW HITPOINT WARNING * * *
You are too injured to fight recklessly!
You are too injured to fight recklessly!
You are too injured to fight recklessly!
You hit the hill giant.
You headbutt the hill giant, but do no damage.
The hill giant is severely wounded.
The hill giant hits you with a giant spiked club!!
You die...

#...####...##.#..#####
#...))........##
########.##....## ##
##.....#/......## ###.
#................ ##...
.............(.##.#
#..## ...............#
.##>##
.....<........... .#.#
........@......## ###.#
........C......# ##...#
..>............###..###
.....<..........##.##
.......#(.......##.#
...#####...........# ..
###.........###
...........##
#....<...#


You could see a hill giant.

Vanquished Creatures
  The ghost of HungrySpirit the Cutter, a novice HaAs (D:4)
  2 hippogriffs (D:7)
  2 orc warriors
  2 ice beasts (D:9)
  A sky beast (D:8)
  3 phantoms
  3 ogres
  4 centaurs
  A big kobold (D:4)
  4 scorpions
  A crimson imp (D:9)
  A giant frog zombie (D:5)
  7 hounds
  An orc priest (D:4)
  A centaur skeleton (D:8)
  A giant frog skeleton (D:9)
  3 iguanas
  4 orc wizards
  6 worker ants
  7 gnolls
  7 river rats
  8 adders
  2 shadow imps
  An ooze (D:5)
  2 adder skeletons
  3 dart slugs
  A worm (D:2)
  4 giant geckos
  9 orcs
  A ball python (D:6)
  9 giant cockroaches
  7 goblins
  10 hobgoblins
  15 jackals
  23 kobolds
  A quokka (D:4)
  20 bats
  2 giant gecko zombies
  6 giant newts
  2 quokka skeletons
  43 rats
  A fungus (D:8)
232 creatures vanquished.

Notes
Turn   | Place    | Note
--------------------------------------------------------------
     0 | D:1      | Galewin the Minotaur Berserker began the quest for the Orb.
     0 | D:1      | Reached XP level 1. HP: 19/19 MP: 0/0
    98 | D:1      | Reached skill level 4 in Axes
   116 | D:1      | Reached XP level 2. HP: 27/27 MP: 1/1
   631 | D:2      | Reached XP level 3. HP: 26/33 MP: 2/2
   640 | D:2      | Found a faded altar to an unknown god.
   651 | D:2      | Reached skill level 5 in Axes
   708 | D:2      | Reached ** piety under Trog
   789 | D:2      | Found a basalt altar of Yredelemnul.
  1402 | D:3      | Reached XP level 4. HP: 40/40 MP: 3/3
  1540 | D:3      | Reached skill level 6 in Axes
  1594 | D:3      | Reached *** piety under Trog
  1740 | D:3      | Received a gift from Trog
  1742 | D:3      | Reached skill level 7 in Axes
  1742 | D:3      | Reached XP level 5. HP: 42/46 MP: 4/4
  2286 | D:4      | Reached skill level 8 in Axes
  2288 | D:4      | Reached XP level 6. HP: 52/52 MP: 5/5
  2413 | D:4      | Noticed HungrySpirit's ghost (novice HaAs)
  2424 | D:4      | Killed HungrySpirit's ghost
  2424 | D:4      | Reached skill level 9 in Axes
  2424 | D:4      | Reached XP level 7. HP: 58/58 MP: 6/6
  2510 | D:4      | You fall through a shaft for 2 floors!
  2512 | D:6      | Found a stormy altar of Qazlal.
  2567 | D:5      | Entered Level 5 of the Dungeon
  2820 | D:4      | Reached skill level 10 in Axes
  2908 | D:4      | Reached **** piety under Trog
  2913 | D:4      | Found a blossoming altar of Fedhas.
  3025 | D:4      | Found a deep blue altar of Sif Muna.
  3267 | D:4      | Reached skill level 11 in Axes
  3534 | D:5      | Reached XP level 8. HP: 66/66 MP: 7/7
  3553 | D:5      | Found a glowing golden altar of the Shining One.
  4322 | D:6      | Reached skill level 12 in Axes
  4337 | D:6      | Received a gift from Trog
  4441 | D:6      | Reached ***** piety under Trog
  4638 | D:7      | Received a gift from Trog
  4657 | D:7      | Found an opulent altar of Gozag.
  4762 | D:7      | Found an oddly glowing altar of Pakellas.
  4846 | D:7      | Reached skill level 13 in Axes
  4945 | D:7      | Reached XP level 9. HP: 54/71 MP: 8/8
  5078 | D:7      | Found a staircase to the Ecumenical Temple.
  5169 | D:8      | Reached skill level 14 in Axes
  5306 | D:8      | Found a sacrificial altar of Ru.
  5497 | D:8      | Found a staircase to the Lair.
  5840 | D:9      | Reached skill level 15 in Axes
  5891 | D:9      | Noticed a hill giant
  5899 | D:9      | Slain by a hill giant

Skill      XL: |  1  2  3  4  5  6  7  8  9 |
---------------+----------------------------+-----
Axes           | 4 5 7 8 9 11 13 15 | 15.1
Armour         | 3 |  3.5
Dodging        | 3 |  3.3
Fighting       | |  3.7

Action                   |  1- 3 |  4- 6 |  7- 9 || total
-------------------------+-------+-------+-------++-------
Melee: Hand axe          |   108 |   107 |       ||   215
       Headbutt          |    12 |    14 |    58 ||    84
       War axe           |       |       |   310 ||   310
Invok: Berserk           |     1 |     2 |     3 ||     6
       Trog's Hand       |       |     1 |       ||     1
       Burn Spellbooks   |       |       |     2 ||     2
  Use: Scroll            |     3 |       |     6 ||     9
  Eat: Chunk             |     3 |     2 |    13 ||    18
       Fruit             |       |     2 |       ||     2
       Beef jerky        |       |       |     2 ||     2
Armor: Chain mail        |    84 |    73 |    50 ||   207
       Plate armour      |       |       |   121 ||   121
Dodge: Dodged            |    43 |    45 |   111 ||   199
